 Dungeon Crawl Stone Soup version 0.27-a0-1228-gfd60fd639a (webtiles) character file.

Game seed: 6550721814518080292

3042 bilbop the Ruffian (level 9, -2/92 HPs)
             Began as a Troll Berserker on June 7, 2021.
             Was an Elder of Trog.
             Slain by a killer bee (4 damage)
             ... on level 7 of the Dungeon.
             The game lasted 00:16:44 (4878 turns).

bilbop the Ruffian (Troll Berserker)                Turns: 4878, Time: 00:16:45

Health: -2/92      AC:  7    Str: 27    XL:     9   Next: 56%
Magic:  12/12      EV:  8    Int:  5    God:    Trog [****..]
Gold:   141        SH:  9    Dex: 10    Spells: 8/8 levels left

rFire    . . .     SeeInvis .     - Unarmed
rCold    . . .     Faith    .   t - +0 kite shield
rNeg     . . .     Spirit   .   h - +2 robe {Will+}
rPois    .         Reflect  .   (helmet restricted)
rElec    .         Harm     .   j - +0 cloak
rCorr    .         Rampage  .   (gloves unavailable)
Will     +....                  (boots unavailable)
Stlth    +.........             (no amulet)
HPRegen  1.25/turn              (no ring)
MPRegen  0.13/turn              (no ring)

@: lethally poisoned (-2 -> -5)
A: large, unfitting armour, claws 3, regeneration 1, shaggy fur 1, tough skin 1
a: Renounce Religion, Berserk, Trog's Hand, Brothers in Arms


You were on level 7 of the Dungeon.
You worshipped Trog.
Trog was greatly pleased with you.
You visited 1 branch of the dungeon, and saw 7 of its levels.

You collected 380 gold pieces.
You spent 239 gold pieces at shops.

Inventory:

Hand Weapons
 b - a +0 hunting sling
 p - a +2 flail of protection
Missiles
 c - 8 atropa-tipped darts
 m - 44 sling bullets
Armour
 a - a +0 animal skin
 h - a +2 robe of willpower (worn)
 j - a +0 cloak (worn)
 t - a +0 kite shield (worn)
 A - a +0 robe of cold resistance
Jewellery
 s - the ring of Edukim {Ice Str+7}
   (You bought it in a shop on level 4 of the Dungeon)

   [ring of ice]

   It enhances your ice magic.
   It affects your strength (+7).
   It makes you vulnerable to fire.
   It protects you from cold.
Wands
 i - a wand of flame (11)
 u - a wand of iceblast (6)
 v - a wand of polymorph (11)
 y - a wand of acid (9)
Scrolls
 e - 3 scrolls of enchant weapon {unknown}
 g - 4 scrolls of identify {unknown}
 q - a scroll of magic mapping {unknown}
 r - 3 scrolls of holy word {unknown}
 x - 2 scrolls of enchant armour {unknown}
 z - a scroll of immolation {unknown}
 C - 5 scrolls of teleportation {unknown}
 D - a scroll of summoning {unknown}
 E - a scroll of noise {unknown}
Potions
 d - 2 potions of attraction {unknown}
 f - 5 potions of haste
 k - a potion of might {unknown}
 l - 2 potions of curing {unknown}
 n - a potion of flight {unknown}
 o - a potion of degeneration {unknown}
 w - 2 potions of lignification {unknown}
 B - a potion of brilliance {unknown}


   Skills:
 + Level 6.4 Fighting
 + Level 0.7 Slings
 - Level 2.4 Dodging
 + Level 4.2 Shields
 + Level 7.6 Unarmed Combat
 + Level 6.3 Invocations


You had 8 spell levels left.
You didn't know any spells.
Your spell library was empty.

Dungeon Overview and Level Annotations

Branches:
Dungeon (7/15)             Temple (0/1) D:6

Altars:
Dithmenos
Gozag
Hepliaklqana
Makhleb
Nemelex Xobeh
Sif Muna
Xom

Shops:
D:4 !**=   D:7 (


Innate Abilities, Weirdness & Mutations

You are too large for most types of armour.
You have claws for hands.
Your natural rate of healing is unusually fast.
You are covered in fur. (AC +1)
You have tough skin. (AC +1)


Message History

You block the killer bee's attack.
The killer bee stings you but does no damage.
The killer bee stings something.
You block the killer bee's attack.
You are too injured to fight recklessly!
You are too injured to fight recklessly!
You are too injured to fight recklessly!
You barely miss the killer bee.
You feel sick.
The killer bee stings you but does no damage.
The killer bee stings something.
You block the killer bee's attack. The killer bee stings you!
The killer bee stings something.
The killer bee stings you but does no damage.
You barely miss the killer bee.
You feel sick.
The killer bee barely misses you. x2; The killer bee stings you.
You are more poisoned.
The killer bee poisons you! You block the killer bee's attack.
You miss the killer bee.
You feel very sick.
A nearby plant withers and dies.
The killer bee stings you.
* * * LOW HITPOINT WARNING * * *
The killer bee stings you.
* * * LOW HITPOINT WARNING * * *
You are more poisoned.
The killer bee poisons you! The killer bee barely misses you.
You block the killer bee's attack.
You scratch the killer bee.
The killer bee is almost dead.
You feel very sick. The killer bee barely misses you.
You block the killer bee's attack. The killer bee closely misses you.
You block the killer bee's attack. The killer bee barely misses you. x2
You closely miss the killer bee.
The killer bee is severely wounded.
You feel very sick.
The killer bee stings you but does no damage.
The killer bee stings you!
* * * LOW HITPOINT WARNING * * *
The killer bee stings you.
* * * LOW HITPOINT WARNING * * *
You block the killer bee's attack. The killer bee stings you.
You die...

#.........
##........#
##.........#
##..=.PP....#
#....†P...#.#
#.....P..#
###.§.P.#.. ##
#.yy.._.##. ...
##.@y#P§PP..
...####..P..P#§.##
..........P.P#....
............P.#...
..........####.#..
..8.......# ...
..........# ###
..........#
..........# #.


You could see 3 killer bees.

Vanquished Creatures
  Grinder (D:3)
  A shadow (D:5)
  Sigmund (D:7)
  Eustachio (D:6)
  Edmund (D:7)
  A water moccasin (D:7)
  3 black bears
  2 sky beasts
  2 ice beasts (D:5)
  2 ogres
  2 kobold brigands (D:6)
  3 scorpions
  A water moccasin skeleton (D:5)
  3 killer bees (D:7)
  A howler monkey (D:4)
  A bullfrog zombie (D:6)
  A centaur zombie (D:7)
  A hound (D:6)
  A centaur skeleton (D:6)
  3 jellies
  Crazy Yiuf (D:2)
  An orc priest (D:3)
  3 iron imps (D:6)
  Jessica (D:2)
  Terence (D:2)
  3 iguanas
  An orc wizard (D:6)
  A howler monkey zombie (D:6)
  A howler monkey skeleton (D:6)
  11 gnolls
  5 adders
  A white imp (D:5)
  An adder skeleton (D:4)
  4 dart slugs
  10 orcs
  5 ball pythons
  7 endoplasms
  A giant cockroach (D:3)
  13 goblins
  7 hobgoblins
  8 jackals
  28 kobolds
  3 quokkas
  A bat (D:1)
  4 frilled lizards
  7 rats
161 creatures vanquished.

Vanquished Creatures (others)
  An orc wizard (D:6)
  An orc (D:6)
  35 plants
37 creatures vanquished.

Grand Total: 198 creatures vanquished

Notes
Turn   | Place    | Note
-------+----------+-------------------------------------------
     0 | D:1      | bilbop the Troll Berserker began the quest for the Orb.
     0 | D:1      | Reached XP level 1. HP: 22/22 MP: 0/0
   134 | D:1      | Reached XP level 2. HP: 26/29 MP: 1/1
   166 | D:1      | Reached skill level 1 in Invocations
   201 | D:1      | Found a faded altar of an unknown god.
   450 | D:1      | Reached XP level 3. HP: 35/36 MP: 2/2
   453 | D:1      | Reached ** piety under Trog
   609 | D:2      | Noticed Jessica
   615 | D:2      | Killed Jessica
   697 | D:2      | Found a runed translucent door.
   698 | D:2      | Noticed Crazy Yiuf
   707 | D:2      | Killed Crazy Yiuf
   708 | D:2      | Reached XP level 4. HP: 45/45 MP: 4/4
   751 | D:2      | Reached skill level 4 in Unarmed Combat
   922 | D:2      | Reached XP level 5. HP: 52/53 MP: 5/5
   977 | D:2      | Noticed Terence
   985 | D:2      | Killed Terence
  1431 | D:3      | Found a shimmering altar of Xom.
  1642 | D:3      | Noticed a black bear
  1647 | D:3      | Killed a black bear
  1648 | D:3      | Reached XP level 6. HP: 60/62 MP: 5/7
  1668 | D:3      | Noticed Grinder
  1679 | D:3      | Killed Grinder
  1680 | D:3      | Reached skill level 5 in Unarmed Combat
  1685 | D:3      | Reached XP level 7. HP: 70/70 MP: 8/8
  1713 | D:3      | Reached *** piety under Trog
  1939 | D:3      | You fall into a shaft and drop 2 floors!
  1939 | D:5      | Entered Level 5 of the Dungeon
  1950 | D:4      | Found Hiagofidipn's Distillery.
  2192 | D:4      | Found Qeubatze's Jewellery Boutique.
  2237 | D:4      | Found Dankanoxt's Weapon Shop.
  2260 | D:4      | Found a shimmering blue altar of Sif Muna.
  2260 | D:4      | Found a shadowy altar of Dithmenos.
  2379 | D:4      | Found a sparkling altar of Nemelex Xobeh.
  2527 | D:4      | Found Gist's Assorted Antiques.
  2530 | D:4      | Bought a slimy jade ring for 100 gold pieces
  2530 | D:4      | Identified the ring of Edukim {Ice Str+7} (You bought it in
                  | a shop on level 4 of the Dungeon)
  2555 | D:4      | Found Ipsyv's Assorted Antiques.
  2560 | D:4      | Bought a kite shield for 139 gold pieces
  2957 | D:5      | Noticed a shadow
  2961 | D:5      | Reached skill level 1 in Shields
  2969 | D:5      | Reached skill level 5 in Fighting
  2969 | D:5      | Reached XP level 8. HP: 26/80 MP: 10/10
  2976 | D:5      | Reached skill level 6 in Unarmed Combat
  3106 | D:5      | Reached skill level 5 in Invocations
  3447 | D:6      | Noticed Eustachio
  3462 | D:6      | Killed Eustachio
  3524 | D:6      | Found a staircase to the Ecumenical Temple.
  3613 | D:6      | Found an opulent altar of Gozag.
  3625 | D:6      | Reached **** piety under Trog
  3681 | D:6      | Reached skill level 7 in Unarmed Combat
  3681 | D:6      | Reached XP level 9. HP: 86/89 MP: 12/12
  3703 | D:6      | Found a burning altar of Makhleb.
  4568 | D:7      | Noticed Sigmund
  4576 | D:7      | Killed Sigmund
  4619 | D:7      | Noticed Edmund
  4628 | D:7      | Killed Edmund
  4800 | D:7      | Found Icunaxko's Antique Weapon Emporium.
  4846 | D:7      | Found a hazy altar of Hepliaklqana.
  4878 | D:7      | HP: 2/92 [killer bee (4)]
  4878 | D:7      | Slain by a killer bee

Illustrated notes

Levels and vault maps discovered:
D:1:      minmay_arrival_stone_box, layout_rooms, basic_ecumenical_altar,
          minmay_misc_feat_pillars, nrook_uturn
D:2:      layout_basic, uniq_jessica, uniq_crazy_yiuf_cottage, uniq_terence
D:3:      layout_rooms, overflow_temple_1_default, kennysheep_small_spiral,
          minmay_cut_off, uniq_grinder
D:4:      layout_loops_cross, nicolae_overflow_crystal_walls,
          gammafunk_temple_overflow_pools, serial_shops,
          nicolae_shop_behind_doors, shop_statue, nicolae_shop_stone, shop,
          shop_coins, grunt_decor_clamped
D:5:      layout_cave_pools
D:6:      kennysheep_kobold_camp, layout_basic, overflow_temple_1_default,
          demons_altar, minmay_temple_entry_antechambers, nrook_mini_backslash,
          uniq_eustachio
D:7:      layout_cave_pods, nicolae_hepliaklqana_hazy_memory,
          serial_column_ruins, column_ruins_grid_2, column_ruins_open_medium,
          column_ruins_corridor_straight, column_ruins_open_large,
          minmay_shop_grid_forest, sigmund_edmund_badplayer

Skill      XL: |  1  2  3  4  5  6  7  8  9 |
---------------+----------------------------+-----
Invocations    | 1 2 3 4 5 6 |  6.3
Fighting       | 3 4 5 6 |  6.4
Unarmed Combat | 4 5 7 |  7.6
Shields        | 1 3 4 |  4.2
Slings         | |  0.7
Dodging        | |  2.4

Action                   |  1- 3 |  4- 6 |  7- 9 || total
-------------------------+-------+-------+-------++-------
Melee: Unarmed           |    60 |    90 |   361 ||   511
       Punch             |       |       |     1 ||     1
Invok: Berserk           |       |     1 |     2 ||     3
 Stab: Sleeping          |       |       |     1 ||     1
Armor: Animal skin       |     7 |       |       ||     7
       Robe              |       |    34 |   133 ||   167
Dodge: Dodged            |    22 |    31 |   143 ||   196
Block: Kite shield       |       |       |   173 ||   173

Table legend: (Time is in decaauts)
 A = Elapsed time spent in this place.
 B = Non-inter-level travel time spent in this place.
 C = Inter-level travel time spent in this place.
 D = Time resting spent in this place.
 E = Time spent auto-exploring this place.
 F = Levels seen in this place.
 G = Mean time per level.
                   A        B        C        D        E       F      G
               +--------+--------+--------+--------+--------+-----+--------+
         Total |   4923 |   4733 |    190 |    313 |   3377 |   7 |  703.3 |
       Dungeon |   4923 |   4733 |    190 |    313 |   3377 |   7 |  703.3 |
               +--------+--------+--------+--------+--------+-----+--------+

Top non-repeatable levels by time:
     D:6: 1125 daAuts
     D:4: 860 daAuts
     D:2: 836 daAuts
     D:3: 618 daAuts
     D:1: 587 daAuts
     D:5: 548 daAuts
     D:7: 347 daAuts
